A- EAST
SALEM RED SOX @ DELMARVA SHOREBIRDS
08/14/2041
 
TOP OF THE 1ST
Salem Red Sox batting - Pitching for Delmarva Shorebirds : RHP Ángelo Blanco
Pitching: RHP Ángelo Blanco
Batting: LHB Dave Duarte 0-0: Called Strike
0-1: Ball
1-1: Foul Ball, location: 2F
1-2: Foul Ball, location: 2F
1-2: Strikes out looking
Batting: RHB Manny Durango 0-0: Ball
1-0: Foul Ball, location: 2F
1-1: Ball
2-1: Swinging Strike
2-2: Strikes out swinging
Batting: SHB António Cerda 0-0: Swinging Strike
0-1: Called Strike
0-2: Ball
1-2: Ball
2-2: Ball
3-2: Foul Ball, location: 7LMF
3-2: Fly out, F6 (Popup, 6, EV 69.4 MPH)
Top of the 1st over - 0 runs, 0 hits, 0 errors, 0 left on base; Salem 0 - Delmarva 0
BOTTOM OF THE 1ST
Delmarva Shorebirds batting - Pitching for Salem Red Sox : LHP António Perales
Pitching: LHP António Perales
Batting: RHB Pepe Pueblo 0-0: Ball
1-0: Ball
2-0: Ball
3-0: Base on Balls
Batting: RHB Walt Baker 0-0: Called Strike
0-1: Ball
1-1: Ball
2-1: Swinging Strike
2-2: SINGLE (Line Drive, 6D, EV 108.8 MPH)
Pepe Pueblo to second
Runner from 2nd tries for 3rd, SAFE, throw by LF made to third
Batting: LHB Brett Leseberg 0-0: Ball
1-0: Called Strike
1-1: Foul Ball, location: 3F
1-2: Strikes out swinging
Batting: LHB Tim Rogers 0-0: Swinging Strike
0-1: Ball
1-1: Ball
2-1: SINGLE (Flyball, 34D, EV 92.5 MPH)
Pepe Pueblo scores
Walt Baker to second
Batting: RHB César Rodríguez 0-0: Foul Ball, location: 9LMF
0-1: Ball
1-1: Called Strike
1-2: Grounds into double play, 3-6-3 (Groundball, 13, EV 83.1 MPH)
Bottom of the 1st over - 1 run, 2 hits, 0 errors, 1 left on base; Salem 0 - Delmarva 1
TOP OF THE 2ND
Salem Red Sox batting - Pitching for Delmarva Shorebirds : RHP Ángelo Blanco
Batting: LHB José Juárez 0-0: Ball
1-0: Fly out, F9 (Flyball, 89M, EV 104.4 MPH)
Batting: RHB Jeff Clark 0-0: Ball
1-0: Ball
2-0: Called Strike
2-1: Foul Ball, location: 7LSF
2-2: Ball
3-2: Strikes out swinging
Batting: RHB Jeff Nelson 0-0: Fly out, F8 (Flyball, 8LD, EV 91.3 MPH)
Top of the 2nd over - 0 runs, 0 hits, 0 errors, 0 left on base; Salem 0 - Delmarva 1
BOTTOM OF THE 2ND
Delmarva Shorebirds batting - Pitching for Salem Red Sox : LHP António Perales
Batting: RHB Juan Solís 0-0: Called Strike
0-1: Called Strike
0-2: Ball
1-2: Fly out, F8 (Flyball, 8LD, EV 96.3 MPH)
Batting: RHB Luis Ramos 0-0: Ball
1-0: Foul Ball, location: 5FF
1-1: Called Strike
1-2: Ball
2-2: Ball
3-2: Foul Ball, location: 2F
3-2: Base on Balls
Batting: RHB Juan Moreno 0-0: Ball
1-0: Ball
2-0: Foul Ball, location: 2F
2-1: Fielders Choice at 2nd, 6-4 (Groundball, 6, EV 76.9 MPH)
Batting: RHB Carol Vroom 0-0: Ball
Juan Moreno steals 2nd base
1-0: Swinging Strike
1-1: Swinging Strike
1-2: Ball
2-2: Strikes out looking
Bottom of the 2nd over - 0 runs, 0 hits, 0 errors, 1 left on base; Salem 0 - Delmarva 1
TOP OF THE 3RD
Salem Red Sox batting - Pitching for Delmarva Shorebirds : RHP Ángelo Blanco
Batting: RHB Juan Pérez 0-0: Swinging Strike
0-1: Swinging Strike
0-2: Ball
1-2: Foul Ball, location: 9LMF
1-2: Strikes out looking
Batting: SHB Adrián Duartes 0-0: Ground out 5-3 (Groundball, 56, EV 106.3 MPH)
Batting: RHB Chris Washington 0-0: Foul Ball, location: 2F
0-1: Ball
1-1: Foul Ball, location: 3SF
1-2: Ball
2-2: Fly out, F9 (Flyball, 9D, EV 88.8 MPH)
Top of the 3rd over - 0 runs, 0 hits, 0 errors, 0 left on base; Salem 0 - Delmarva 1
BOTTOM OF THE 3RD
Delmarva Shorebirds batting - Pitching for Salem Red Sox : LHP António Perales
Batting: RHB Pepe Pueblo 0-0: Called Strike
0-1: Ball
1-1: Bunt for hit to 15 - play at first, batter OUT! 1-3
Batting: RHB Walt Baker 0-0: SINGLE (Groundball, 6D, EV 103.8 MPH)
Batting: LHB Brett Leseberg 0-0: DOUBLE (Line Drive, 9LM, EV 88.8 MPH)
Walt Baker to third
Batting: LHB Tim Rogers 0-0: Swinging Strike
0-1: Called Strike
0-2: Strikes out swinging
Batting: RHB César Rodríguez 0-0: Ball
1-0: Ball
2-0: Ground out 4-3 (Groundball, 4, EV 98.1 MPH)
Bottom of the 3rd over - 0 runs, 2 hits, 0 errors, 2 left on base; Salem 0 - Delmarva 1
TOP OF THE 4TH
Salem Red Sox batting - Pitching for Delmarva Shorebirds : RHP Ángelo Blanco
Batting: LHB Dave Duarte 0-0: Ball
1-0: Foul Ball, location: 3FF
1-1: Foul Ball, location: 3FF
1-2: Ball
2-2: Foul Ball, location: 2F
2-2: Ball
3-2: Base on Balls
Batting: RHB Manny Durango 0-0: Ball
1-0: Bunted foul
1-1: Bunted foul
1-2: Foul Ball, location: 3SF
1-2: Foul Ball, location: 2F
1-2: Fly out, F3 (Popup, 23F, EV 48.1 MPH)
Batting: SHB António Cerda 0-0: Swinging Strike
0-1: Grounds into double play, 4-6-3 (Groundball, 34, EV 108.1 MPH)
Top of the 4th over - 0 runs, 0 hits, 0 errors, 0 left on base; Salem 0 - Delmarva 1
BOTTOM OF THE 4TH
Delmarva Shorebirds batting - Pitching for Salem Red Sox : LHP António Perales
Batting: RHB Juan Solís 0-0: Ball
1-0: Called Strike
1-1: DOUBLE (Flyball, 89D, EV 88.1 MPH)
Batting: RHB Luis Ramos 0-0: Called Strike
0-1: Foul Ball, location: 5F
0-2: Strikes out swinging
Batting: RHB Juan Moreno 0-0: Ball
1-0: Called Strike
1-1: Ball
2-1: Ball
3-1: Called Strike
3-2: Foul Ball, location: 2F
3-2: Base on Balls
Batting: RHB Carol Vroom 0-0: Ball
1-0: Ball
2-0: Called Strike
2-1: Foul Ball, location: 2F
2-2: Fly out, F6 (Popup, 6, EV 80.0 MPH)
Batting: RHB Pepe Pueblo 0-0: Called Strike
0-1: SINGLE (Line Drive, 8RS, EV 90.0 MPH)
Juan Solís to third
Juan Moreno to second
Runner from 3rd tries for Home, throw by CF and OUT! 8-2
Bottom of the 4th over - 0 runs, 2 hits, 0 errors, 2 left on base; Salem 0 - Delmarva 1
TOP OF THE 5TH
Salem Red Sox batting - Pitching for Delmarva Shorebirds : RHP Ángelo Blanco
Batting: LHB José Juárez 0-0: Ground out U3 (Groundball, 34, EV 106.9 MPH)
Batting: RHB Jeff Clark 0-0: Ball
1-0: Foul Ball, location: 9LDF
1-1: Ball
2-1: Fly out, F7 (Line Drive, 7, EV 86.9 MPH)
Batting: RHB Jeff Nelson 0-0: Foul Ball, location: 7LSF
0-1: Fly out, F8 (Flyball, 89D, EV 98.8 MPH)
Top of the 5th over - 0 runs, 0 hits, 0 errors, 0 left on base; Salem 0 - Delmarva 1
BOTTOM OF THE 5TH
Delmarva Shorebirds batting - Pitching for Salem Red Sox : LHP António Perales
Batting: RHB Walt Baker 0-0: Fly out, F3 (Popup, 3S, EV 67.5 MPH)
Batting: LHB Brett Leseberg 0-0: Fly out, F8 (Flyball, 8LD, EV 81.9 MPH)
Batting: LHB Tim Rogers 0-0: Ground out 6-3 (Groundball, 6M, EV 89.4 MPH)
Bottom of the 5th over - 0 runs, 0 hits, 0 errors, 0 left on base; Salem 0 - Delmarva 1
TOP OF THE 6TH
Salem Red Sox batting - Pitching for Delmarva Shorebirds : RHP Ángelo Blanco
Batting: RHB Juan Pérez 0-0: Fly out, F4 (Popup, 4MD, EV 59.4 MPH)
Batting: SHB Adrián Duartes 0-0: Ball
1-0: Foul Ball, location: 7LDF
1-1: Ball
2-1: Swinging Strike
2-2: Foul Ball, location: 7LMF
2-2: Strikes out swinging
Batting: RHB Chris Washington 0-0: Swinging Strike
0-1: Ball
1-1: Foul Ball, location: 5SF
1-2: Strikes out swinging
Top of the 6th over - 0 runs, 0 hits, 0 errors, 0 left on base; Salem 0 - Delmarva 1
BOTTOM OF THE 6TH
Delmarva Shorebirds batting - Pitching for Salem Red Sox : LHP António Perales
Batting: RHB César Rodríguez 0-0: Called Strike
0-1: Called Strike
0-2: Ball
1-2: Strikes out swinging
Batting: RHB Juan Solís 0-0: SINGLE (Groundball, 4MD, EV 99.4 MPH)
Pitching: RHP Darryl Craig
Batting: RHB Luis Ramos 0-0: Fly out, F9 (Line Drive, 9, EV 93.1 MPH)
Batting: RHB Juan Moreno 0-0: Ball
1-0: Ball
Juan Solís steals 2nd base
2-0: Called Strike
2-1: Called Strike
2-2: Foul Ball, location: 2F
2-2: Foul Ball, location: 9LSF
2-2: Ball
3-2: Foul Ball, location: 2F
3-2: Foul Ball, location: 23F
3-2: Foul Ball, location: 5FF
3-2: Foul Ball, location: 2F
3-2: Base on Balls
Batting: RHB Carol Vroom 0-0: Foul Ball, location: 3FF
0-1: Ball
1-1: Swinging Strike
1-2: Ball
2-2: Strikes out swinging
Bottom of the 6th over - 0 runs, 1 hit, 0 errors, 2 left on base; Salem 0 - Delmarva 1
TOP OF THE 7TH
Salem Red Sox batting - Pitching for Delmarva Shorebirds : RHP Ángelo Blanco
Batting: LHB Dave Duarte 0-0: Ball
1-0: SINGLE (Line Drive, 89S, EV 90.0 MPH)
Batting: RHB Manny Durango 0-0: Called Strike
0-1: Sac Bunt to 3S - play at first, batter OUT! 3-4
Dave Duarte to second
Batting: SHB António Cerda 0-0: Ball
1-0: Fly out, F9 (Flyball, 9S, EV 86.3 MPH)
Pinch Hitting: SHB Geoff Cameron 0-0: Called Strike
0-1: Foul Ball, location: 5FF
0-2: Ball
1-2: Strikes out swinging
Top of the 7th over - 0 runs, 1 hit, 0 errors, 1 left on base; Salem 0 - Delmarva 1
BOTTOM OF THE 7TH
Delmarva Shorebirds batting - Pitching for Salem Red Sox : RHP Darryl Craig
Now in RF: Alex Russell
Batting: RHB Pepe Pueblo 0-0: Called Strike
0-1: Ball
1-1: Ball
2-1: Called Strike
2-2: Fly out, F1 (Popup, P, EV 86.9 MPH)
Batting: RHB Walt Baker 0-0: Fly out, F3 (Popup, 34S, EV 72.5 MPH)
Batting: LHB Brett Leseberg 0-0: Ball
1-0: Ball
2-0: Called Strike
2-1: Ball
3-1: Fly out, F8 (Flyball, 8LM, EV 83.8 MPH)
Bottom of the 7th over - 0 runs, 0 hits, 0 errors, 0 left on base; Salem 0 - Delmarva 1
TOP OF THE 8TH
Salem Red Sox batting - Pitching for Delmarva Shorebirds : RHP Ángelo Blanco
Batting: RHB Jeff Clark 0-0: Ball
1-0: SINGLE (Flyball, 34D, EV 93.8 MPH)
Batting: RHB Jeff Nelson 0-0: Swinging Strike
0-1: Called Strike
0-2: Strikes out swinging
Pitching: RHP Geremia Velo
Pinch Hitting: RHB Don Ratzlaff 0-0: Ball
1-0: Grounds into double play, 6-4-3 (Groundball, 6, EV 87.5 MPH)
Top of the 8th over - 0 runs, 1 hit, 0 errors, 0 left on base; Salem 0 - Delmarva 1
BOTTOM OF THE 8TH
Delmarva Shorebirds batting - Pitching for Salem Red Sox : RHP Darryl Craig
Now at 3B: Dani Lópes
Batting: LHB Tim Rogers 0-0: Ball
1-0: Called Strike
1-1: Foul Ball, location: 5F
1-2: Strikes out swinging
Batting: RHB César Rodríguez 0-0: Foul Ball, location: 3DF
0-1: Ball
1-1: Ball
2-1: Ball
3-1: Base on Balls
Batting: RHB Juan Solís 0-0: Called Strike
0-1: Swinging Strike
0-2: Foul Ball, location: 9LDF
0-2: Ball
1-2: Strikes out looking
Batting: RHB Luis Ramos 0-0: Ball
César Rodríguez is caught stealing 2nd base 2-4
Bottom of the 8th over - 0 runs, 0 hits, 0 errors, 0 left on base; Salem 0 - Delmarva 1
TOP OF THE 9TH
Salem Red Sox batting - Pitching for Delmarva Shorebirds : RHP Geremia Velo
Pitching: LHP Dan Haynes
Pinch Hitting: RHB Rob Alexander 0-0: Called Strike
0-1: Swinging Strike
0-2: Ball
1-2: Strikes out swinging
Pinch Hitting: LHB Bobby Lewis 0-0: Foul Ball, location: 7LDF
0-1: Ball
1-1: Ball
2-1: Called Strike
2-2: Strikes out swinging
Batting: LHB Dave Duarte 0-0: Ball
1-0: Foul Ball, location: 2F
1-1: Ground out 4-3 (Groundball, 4MS, EV 70.6 MPH)
Top of the 9th over - 0 runs, 0 hits, 0 errors, 0 left on base; Salem 0 - Delmarva 1
Monday, April 1st , 2024 - OOTP Baseball 24.10 Build 82